 Dungeon Crawl Stone Soup version 0.19.1 (webtiles) character file.

59 truemonolith the Magician (level 3, -7/19 HPs)
             Began as a Deep Elf Conjurer on Dec 9, 2016.
             Mangled by a gnoll
             ... wielding a cursed -1 flail
              (11 damage)
             ... on level 2 of the Dungeon on Dec 16, 2016.
             The game lasted 00:03:44 (2120 turns).

truemonolith the Magician (Deep Elf Conjurer)       Turns: 2120, Time: 00:03:45

Health: -7/19      AC:  2    Str:  5    XL:     3   Next: 78%
Magic:  10/12      EV: 13    Int: 20    God:
Gold:   95         SH:  0    Dex: 15    Spells: 2 memorised, 9 levels left

rFire  . . .     SeeInvis .     (no weapon)
rCold  . . .     Gourm    .     a - +0 robe
rNeg   . . .     Faith    .     (no shield)
rPois  .         Spirit   .     (no helmet)
rElec  .         Reflect  .     (no cloak)
rCorr  .         Harm     .     (no gloves)
MR     .....                    (no boots)
Stlth  ++........               (no amulet)
                                (no ring)
                                (no ring)

@: very slightly contaminated
A: no striking features
a: no special abilities


You were on level 2 of the Dungeon.
You were very hungry.

You visited 1 branch of the dungeon, and saw 2 of its levels.

You collected 95 gold pieces.

Inventory:

Armour
 a - a +0 robe (worn)
Wands
 e - a wand of confusion (6/48)
Scrolls
 h - 2 scrolls of remove curse
Potions
 j - a potion of heal wounds {unknown}
 k - a potion of invisibility {unknown}
Books
 b - a book of Conjurations

   Spells                             Type                      Level
   a - Magic Dart                     Conjuration                  1
   b - Searing Ray                    Conjuration                  2
   c - Dazzling Spray                 Conjuration/Hexes            3
   d - Fulminant Prism                Conjuration/Hexes            4
   e - Iskenderun's Mystic Blast      Conjuration                  4
   f - Iskenderun's Battlesphere      Conjuration/Charms           5
Comestibles
 c - 2 bread rations
 d - a royal jelly


   Skills:
 - Level 2.4 Dodging
 - Level 2.4 Stealth
 + Level 5.7 Spellcasting
 - Level 4.3 Conjurations


You had 9 spell levels left.
You knew the following spells:

 Your Spells              Type           Power        Failure   Level  Hunger
a - Magic Dart            Conj           ###.         1%          1    None
b - Dazzling Spray        Conj/Hex       ##....       14%         3    ##.....


Dungeon Overview and Level Annotations

Branches:
Dungeon (2/15)

Altars:


Message History

As you read the scroll labeled RAAPAZUAPA, it crumbles to dust.
The creatures around you are filled with an inner flame!
It was a scroll of immolation.
The gnoll barely misses you.
As you read the scroll labeled UZABYEL FUTZI, it crumbles to dust.
It is a scroll of identify.
h - 2 scrolls of remove curse The gnoll misses you.
Blink to where?
Press: ? - help, Dir - move target cursor
As you read the scroll labeled UHIWAYMYUR, it crumbles to dust.
It was a scroll of blinking.
The gnoll closely misses you.
The gnoll hits you from afar with a halberd.
You see here a bat corpse.
You closely miss the goblin.
The goblin shouts!
The goblin hits you.
* * * LOW HITPOINT WARNING * * *
The gnoll hits you with a flail!
Ouch! That really hurt!
You die...

.%..# ....# #.# .>..+ .......
....# #..##.# .# ....# #..##.# .#
....# #..##.######.## ..# ....#
..##.#.......# .g.... ....#
#.##.#.......# .#####
....#########.##@#.......##.....#
#......†..g.g.gg.g.........g...
#############....#.........g.##.#
######........g....g#
#........####### ######..........
####.###### #.# #.#


You could see 4 gnolls and a goblin.

Vanquished Creatures
  An adder (D:2)
  2 worms
  3 dart slugs (D:1)
  3 leopard geckos
  8 bats
  2 giant cockroaches
  3 goblins (D:1)
  2 hobgoblins (D:1)
  3 jackals (D:1)
  A kobold (D:1)
  2 frilled lizards
  5 rats
35 creatures vanquished.

Notes
Turn   | Place    | Note
-------+----------+-------------------------------------------
     0 | D:1      | truemonolith the Deep Elf Conjurer began the quest for the Orb.
     0 | D:1      | Reached XP level 1. HP: 10/10 MP: 6/6
   301 | D:1      | Reached skill level 4 in Spellcasting
   301 | D:1      | Reached XP level 2. HP: 15/15 MP: 3/9
   942 | D:1      | Reached XP level 3. HP: 19/19 MP: 8/11
   979 | D:1      | Reached skill level 5 in Spellcasting
  1471 | D:1      | Learned a level 3 spell: Dazzling Spray
  2120 | D:2      | Mangled by a gnoll

Skill      XL: |  1  2  3 |
---------------+----------+-----
Spellcasting   | 4 5 |  5.7
Dodging        | |  2.4
Stealth        | |  2.4
Conjurations   | |  4.3

Action                   || total
-------------------------++-------
Melee: Unarmed           ||     1
 Cast: Magic Dart        ||   105
  Use: Scroll            ||     4
  Eat: Chunk             ||     2
Armor: Robe              ||     9
Dodge: Dodged            ||    40
